 Dungeon Crawl Stone Soup version 0.21.0-24-g2553a33 (webtiles) character file.

148 Grimoiregrey the Changer (level 5, -1/40 HPs)
             Began as a Draconian Transmuter on Jan 21, 2018.
             Killed from afar by an orc wizard (3 damage)
             ... with a puff of flame
             ... on level 3 of the Dungeon.
             The game lasted 00:17:56 (2374 turns).

Grimoiregrey the Changer (Draconian Transmuter)     Turns: 2374, Time: 00:17:56

Health: -1/40      AC:  7    Str: 12    XL:     5   Next: 8%
Magic:  7/8        EV: 12    Int: 14    God:
Gold:   59         SH:  0    Dex: 12    Spells: 7/8 levels left

rFire    . . .     SeeInvis .     - Unarmed
rCold    . . .     Gourm    .   (no shield)
rNeg     . . .     Faith    .   (armour unavailable)
rPois    .         Spirit   .   (helmet restricted)
rElec    .         Reflect  .   (no cloak)
rCorr    .         Harm     .   k - +1 pair of gloves
MR       .....                  (boots currently unavailable)
Stlth    +.........             (no amulet)
HPRegen  0.13/turn              (no ring)
MPRegen  0.11/turn              (no ring)

@: appendage
A: unfitting armour, talons 3, cold-blooded, AC +5
a: End Transformation


You were on level 3 of the Dungeon.
You were not hungry.
You had grown temporary talons.
You visited 1 branch of the dungeon, and saw 4 of its levels.

You collected 59 gold pieces.

Inventory:

Missiles
 a - 71 arrows
Armour
 k - a +1 pair of gloves (worn)
Scrolls
 e - a scroll of enchant weapon {unknown}
 f - a scroll of immolation {unknown}
 g - a scroll of amnesia {unknown}
 h - a scroll of teleportation {unknown}
 i - a scroll of magic mapping
 j - 2 scrolls of identify
 l - a scroll of remove curse
Potions
 d - 2 potions of ambrosia
 m - 2 potions of flight {unknown}
 o - a potion of agility {unknown}
Books
 b - a book of Changes

   Spells                             Type                      Level
   a - Beastly Appendage              Transmutation                1
   b - Sticks to Snakes               Transmutation                2
   c - Spider Form                    Transmutation/Poison         3
   d - Ice Form                       Ice/Transmutation            4
   e - Blade Hands                    Transmutation                5
Comestibles
 c - 4 rations


   Skills:
 - Level 1.2 Fighting
 - Level 2.2 Dodging
 - Level 3.5 Unarmed Combat
 - Level 2.1 Spellcasting
 + Level 4.5 Transmutations


You had 7 spell levels left.
You knew the following spells:

 Your Spells              Type           Power        Failure   Level  Hunger
a - Beastly Appendage     Tmut           ##....       3%          1    #......


Dungeon Overview and Level Annotations

Branches:
Dungeon (4/15)
 Temple: D:4-7

Altars:
Fedhas


Innate Abilities, Weirdness & Mutations

Your plain brown scales are hard. (AC +5)
You cannot fit into any form of body armour.
You are cold-blooded and may be slowed by cold attacks.
You have claws for feet.


Message History

The orc wizard casts a spell.
The orc wizard flickers and vanishes!
Deactivating autopickup; reactivate with Ctrl-A.
You hit something but do no damage. Your kick misses something.
Something hits you but does no damage.
You closely miss something.
You hear some strange, mumbled words.
A magic dart appears from out of thin air!
The magic dart hits you!
* * * LOW HITPOINT WARNING * * *
You barely miss something. Something hits you but does no damage.
You hear some strange, mumbled words.
A puff of flame appears from out of thin air!
The puff of flame hits you!
* * * LOW HITPOINT WARNING * * *
You barely miss something.
You hear some strange, mumbled words.
A puff of flame appears from out of thin air!
The puff of flame hits you!
You die...

............##.###.########.#
............##.#...# #.#
<...........##.#.### #.#
##..........##.#.# #.#
#..........##.#.### #.#
###...#######.#.#.. #.#
##.....†...##.#.#.# #.#
............##.#)#.# #.#
.............#.#@#.# #.#
.............#.#{#.# #.#
...#.........#.#.#<# #.#
.######......#.#?### #.# .
####.)....#.#.. #.#
.......)....#.############.#
....##......#..............#
..) #.....#################
.. ####...............#


There were no monsters in sight!

Vanquished Creatures
  An orc wizard (D:3)
  4 gnolls
  4 adders
  A dart slug (D:2)
  A leopard gecko (D:2)
  An orc (D:3)
  A ball python (D:1)
  A giant cockroach (D:2)
  5 goblins
  5 hobgoblins
  3 jackals (D:1)
  2 quokkas (D:2)
  6 bats
  5 frilled lizards
  3 kobolds
  3 rats
46 creatures vanquished.

Notes
Turn   | Place    | Note
-------+----------+-------------------------------------------
     0 | D:1      | Grimoiregrey the Draconian Transmuter began the quest for the Orb.
     0 | D:1      | Reached XP level 1. HP: 16/16 MP: 3/3
    76 | D:1      | Reached XP level 2. HP: 6/23 MP: 3/5
   874 | D:1      | Reached XP level 3. HP: 28/28 MP: 4/6
  1655 | D:2      | Reached skill level 3 in Transmutations
  1692 | D:2      | Found a blossoming altar of Fedhas.
  1919 | D:3      | Reached XP level 4. HP: 35/35 MP: 5/7
  2059 | D:3      | Reached skill level 4 in Transmutations
  2236 | D:4      | Noticed an ogre
  2363 | D:3      | Reached XP level 5. HP: 36/40 MP: 6/8
  2373 | D:3      | HP: 2/40 [something/puff of flame (3)]
  2374 | D:3      | Killed from afar by an orc wizard

Skill      XL: |  1  2  3  4 |
---------------+-------------+-----
Dodging        | 2 |  2.2
Transmutations | 3 4 |  4.5
Fighting       | |  1.2
Unarmed Combat | |  3.5
Spellcasting   | |  2.1

Action                   |  1- 3 |  4- 6 || total
-------------------------+-------+-------++-------
Melee: Unarmed           |   122 |    50 ||   172
       Kick              |    11 |    10 ||    21
       Headbutt          |     6 |     1 ||     7
       Tailslap          |     7 |     2 ||     9
 Cast: Beastly Appendage |    25 |     5 ||    30
  Use: Scroll            |     3 |     2 ||     5
  Eat: Chunk             |     3 |     2 ||     5
Armor: Skin              |    64 |    16 ||    80
Dodge: Dodged            |   108 |    22 ||   130
